 Dungeon Crawl Stone Soup version 0.27.1-33-g824d729ab1 (webtiles) character file.

Game seed: 10907366121435540801

42 boopmooplesden the Twirler (level 3, -4/30 HPs)
             Began as a Minotaur Gladiator on Dec 11, 2021.
             Slain by an ogre (17 damage)
             ... on level 3 of the Dungeon.
             The game lasted 00:01:35 (2040 turns).

boopmooplesden the Twirler (Minotaur Gladiator)     Turns: 2040, Time: 00:01:35

Health: -4/30      AC:  4    Str: 19    XL:     3   Next: 33%
Magic:  2/2        EV: 12    Int:  5    God:
Gold:   78         SH:  0    Dex: 11    Spells: 2/2 levels left

rFire    . . .     SeeInvis .   a - +0 quarterstaff
rCold    . . .     Faith    .   (shield currently unavailable)
rNeg     . . .     Spirit   .   b - +0 leather armour
rPois    .         Reflect  .   c - +1 hat
rElec    .         Harm     .   (no cloak)
rCorr    .         Rampage  .   (no gloves)
Will     .....                  (no boots)
Stlth    +.........             (no amulet)
HPRegen  0.10/turn              (no ring)
MPRegen  0.08/turn              (no ring)

@: no status effects
A: horns 2, retaliatory headbutt
a: no special abilities


You were on level 3 of the Dungeon.
You visited 1 branch of the dungeon, and saw 3 of its levels.

You collected 78 gold pieces.

Inventory:

Hand Weapons
 a - a +0 quarterstaff (weapon)
Missiles
 d - 3 throwing nets (quivered)
Armour
 b - a +0 leather armour (worn)
 c - a +1 hat (worn)
 e - a +0 scale mail
Scrolls
 h - 2 scrolls of identify
Potions
 f - a potion of might {unknown}
 j - a potion of flight
 k - 2 potions of curing


   Skills:
 + Level 2.5 Fighting
 + Level 4.7 Staves
 + Level 2.3 Throwing
 + Level 0.3 Armour
 + Level 3.6 Dodging


You had 2 spell levels left.
You didn't know any spells.
Your spell library contained the following spells:

 Spells                   Type           Power      Damage    Failure   Level
 Gell's Gravitas          Tloc           0%         N/A       88%         3
 Lesser Beckoning         Tloc           0%         N/A       88%         3
 Teleport Other           Tloc           0%         N/A       88%         3


Dungeon Overview and Level Annotations

Branches:
Dungeon (3/15)

Altars:

Shops:
D:2 !


Innate Abilities, Weirdness & Mutations

You have a pair of horns on your head.
You reflexively headbutt those who attack you in melee.


Message History

k - a potion of curing
As you read the scroll labelled BYJOC YVIDGH, it crumbles to dust.
The scroll dissolves into smoke.
It was a scroll of fog.
(D) Dungeon
Where to? (Enter - D:2, ? - help)
What level of the Dungeon? (default 1, ? - help)
You swap places.
Your jackal dissolves into shadows!
Your jackal dissolves into shadows!
Your jackal dissolves into shadows!
There is a stone staircase leading down here.
You climb downwards.
Your summoned allies are left behind.
There is a stone staircase leading up here.
Found a green potion.
f - a green potion
Found a potion of curing.
k - 2 potions of curing (gained 1)
Found 8 gold pieces.
An ogre comes into view. It is wielding a +0 giant club.
Found a stone staircase leading down.
The ogre shouts!
You see here 8 gold pieces.
An ogre is nearby!
An ogre is nearby!
You see here 8 gold pieces.
You now have 78 gold pieces (gained 8).
You hit the ogre.
The ogre is lightly wounded.
The ogre hits you with a +0 giant club!!
Ouch! That really hurt!
You completely miss the ogre. You headbutt the ogre!
The ogre is heavily wounded.
The ogre closely misses you.
You hit the ogre but do no damage. You headbutt the ogre.
The ogre is severely wounded.
You barely miss the ogre.
The ogre is severely wounded.
The ogre hits you with a +0 giant club!
Ouch! That really hurt!
You die...

#..# #..# #..#.#
#..#.# . #.>#.# ..
#..#.# ... #O...#
.... #@##.#...#.
#..........
######.##.#.#.
#.........#...
#.#..#.##.....
#................
#.#####.......###.#
..........#.....#.#
#.#####...#####.#.#


You could see an ogre.

Vanquished Creatures
  2 adders (D:2)
  A dart slug (D:1)
  2 endoplasms (D:2)
  A giant cockroach (D:1)
  A goblin (D:2)
  2 hobgoblins
  4 jackals (D:1)
  3 ball pythons (D:2)
  2 bats
  A kobold (D:2)
  2 rats
21 creatures vanquished.

Notes
Turn   | Place    | Note
-------+----------+-------------------------------------------
     0 | D:1      | boopmooplesden the Minotaur Gladiator began the quest for
                  | the Orb.
     0 | D:1      | Reached XP level 1. HP: 18/18 MP: 0/0
   292 | D:1      | Reached XP level 2. HP: 25/25 MP: 1/1
   889 | D:1      | Reached skill level 4 in Staves
  1367 | D:2      | Reached XP level 3. HP: 9/30 MP: 2/2
  1373 | D:2      | HP: 1/30 [poisoned by an adder]
  1749 | D:2      | Found Botuat's Distillery.
  2032 | D:3      | Noticed an ogre
  2040 | D:3      | Slain by an ogre

Illustrated notes

Levels and vault maps discovered:
D:1:      tarquinn_simple_flora_water_c, layout_basic
D:2:      layout_basic, serial_shops, nicolae_shop_behind_doors
D:3:      layout_basic, uniq_sigmund

Skill      XL: |  1  2 |
---------------+-------+-----
Staves         | 4 |  4.7
Fighting       | |  2.5
Throwing       | |  2.3
Armour         | |  0.3
Dodging        | |  3.6

Action                   || total
-------------------------++-------
Melee: Quarterstaff      ||    41
       Headbutt          ||     9
  Use: Scroll            ||     8
       Potion            ||     2
Armor: Leather armour    ||    10
Dodge: Dodged            ||    30
